cohdb
Replays
Latest Replays
All Replays
Popular Replays
Top Player Replays
Match Explorer
How It Works
Community
CoH3 Stats
Reddit
Sign in to upload your games and track your stats! →
Sign in with Steam
Match 38037006
Unlisted
Match 38037006
Overview
Messages
Build Orders
End
Selects Italian Coastal Battlegroup
Construct Infanterie Kompanie
MG 42 Machine Gun Team
Selects Coastal Reserves
Coastal Reserve
GrW 34 Mortar Team
MG 42 Machine Gun Team
Construct Panzergrenadier Kompanie
Panzergrenadier Squad
Panzergrenadier Squad
Selects Support Bunkers
Panzergrenadier Officer Quarters
Medical Station
Selects Rapid Fortifications
Rapid Fortifications
MG 42 Bunker
Pak 40 Anti-tank Gun Team
Construct Luftwaffe Kompanie
Jäger Squad
SHAH
n8mahr
Mercury
Staufer
FunkiestDragon
Bangaa Bishop
[GG]Onkel Stonkel
[GG]Quiq
0
0
Comments
sign in to comment!
No comments posted yet!